 Dungeon Crawl Stone Soup version 0.31-a0-344-gd109795599 (webtiles) character file.

Game seed: 15607033181857813359

39 derpindaisy the Trooper (level 3, -1/29 HPs)
             Began as a Demonspawn Berserker on July 21, 2023.
             Was a Follower of Trog.
             Killed by divine providence
             ... invoked by an orc priest
              (13 damage)
             ... on level 3 of the Dungeon.
             The game lasted 00:02:00 (1315 turns).

derpindaisy the Trooper (Demonspawn Berserker)      Turns: 1315, Time: 00:02:01

Health: -1/29      AC:  4    Str: 17    XL:     3   Next: 28%
Magic:  3/3        EV: 12    Int: 14    God:    Trog [*.....]
Gold:   149        SH:  4    Dex: 16    Spells: 2/2 levels left

rFire   . . .        a - +0 falchion
rCold   . . .        i - +0 buckler
rNeg    . . .        q - +2 robe {Will+}
rPois   .            (no helmet)
rElec   .            (no cloak)
rCorr   .            (no gloves)
SInv    .            (no boots)
Will    +....        h - amulet of the acrobat
Stlth   +++          n - +6 ring of intelligence
HPRegen 0.24/turn    (no ring)
MPRegen 0.08/turn

%: acrobat
@: no status effects
A: thin skeletal structure 1
a: Renounce Religion, Berserk


You were on level 3 of the Dungeon.
You worshipped Trog.
Trog was aware of your devotion.
You visited 1 branch of the dungeon, and saw 3 of its levels.

You collected 149 gold pieces.

Inventory:

Hand Weapons
 a - a +0 falchion (weapon)
Armour
 i - a +0 buckler (worn)
 q - a +2 robe of willpower (worn)
Jewellery
 h - an amulet of the acrobat (around neck)
 n - a +6 ring of intelligence (left hand)
Scrolls
 d - 2 scrolls of teleportation
 k - a scroll of revelation {unknown}
 l - 2 scrolls of identify {unknown}
 m - a scroll of blinking {unknown}
 p - a scroll of brand weapon {unknown}
Potions
 c - a potion of magic {unknown}
 e - 3 potions of lignification {unknown}
 g - a potion of ambrosia {unknown}
 o - 2 potions of mutation {unknown}


   Skills:
 + Level 3.3 Fighting
 + Level 3.3 Long Blades
 + Level 1.8 Armour
 + Level 2.2 Dodging
 + Level 0.2 Stealth


You had 2 spell levels left.
You didn't know any spells.
Your spell library was empty.

Dungeon Overview and Level Annotations

Branches:
Dungeon (3/15)

Altars:
Makhleb


Innate Abilities, Weirdness & Mutations

You have a somewhat thin skeletal structure. (Dex +2, Stealth+)


Message History

An orc comes into view.
It is wielding a +2 short sword of speed.
Found 13 gold pieces.
An orc is nearby!
An orc is nearby!
An orc is nearby!
The orc shouts!
You hear a shout! x2
An orc comes into view. It is wielding a +0 mace.
The orc closely misses you.
An orc priest comes into view. It is wielding a +0 short sword.
You completely miss the orc. The orc barely misses you.
You hit the orc but do no damage. The orc barely misses you.
An orc wizard comes into view. It is wielding a +0 dagger.
The orc closely misses you.
You completely miss the orc.
The orc wizard shouts!
You block the orc's attack.
You barely miss the orc wizard.
A ball python comes into view.
You hit the orc wizard but do no damage.
The orc wizard barely misses you.
You hit the orc wizard but do no damage.
The orc wizard hits you but does no damage.
You completely miss the orc wizard.
The orc wizard hits you with a +0 dagger. x2
You hit the orc wizard.
The orc wizard is moderately wounded.
The orc priest mumbles some strange prayers to Beogh against you.
Beogh smites you! The orc wizard closely misses you.
You closely miss the orc wizard.
The orc wizard is moderately wounded.
You block the orc wizard's attack.
You closely miss the orc wizard.
The orc wizard is moderately wounded.
The orc wizard hits you with a +0 dagger.
You hit the orc wizard.
The orc wizard is severely wounded.
The orc wizard hits you with a +0 dagger.
The orc priest mumbles some strange prayers to Beogh against you.
Beogh smites you!
You die...

. .#. ...
##.## ...
#.#### #..
# #....#
#.###o#####
#....#
#..@oo.....
#....#
#.###S...#.
#....# #.#
...#
#....####.#
..#
#......##.#
.#
#......'..#
#
##.....####
##....#
#....#


You could see an orc priest, an orc wizard, an orc and a ball python.

Vanquished Creatures
  Jessica (D:2)
  2 ball pythons (D:2)
  2 endoplasms
  2 giant cockroaches (D:2)
  A hobgoblin (D:2)
  A quokka (D:2)
  A bat (D:2)
  2 frilled lizards (D:1)
  A kobold (D:1)
13 creatures vanquished.

Notes
Turn   | Place    | Note
-------+----------+-------------------------------------------
     0 | D:1      | derpindaisy the Demonspawn Berserker began the quest for
                  | the Orb.
     0 | D:1      | Reached XP level 1. HP: 18/18 MP: 1/1
   815 | D:2      | Found a burning altar of Makhleb.
   829 | D:2      | Gained mutation: You have a somewhat thin skeletal
                  | structure. (Dex +2, Stealth+) [demonic ancestry]
   829 | D:2      | Reached XP level 2. HP: 24/24 MP: 2/2
  1014 | D:2      | Noticed Jessica
  1033 | D:2      | Killed Jessica
  1034 | D:2      | Reached XP level 3. HP: 10/29 MP: 3/3
  1315 | D:3      | Killed from afar by an orc priest

Illustrated notes

Levels and vault maps discovered:
D:1:      evilmike_arrival_plus, layout_loops_ring
D:2:      layout_rooms, basic_altar, minmay_gold_behind_fungi, uniq_jessica
D:3:      layout_basic, hangedman_ru_absence,
          mainiacjoe_overflow_six_doors_small, dreamdust_mushroom_princess,
          nicolae_concentric_dashed_squares_wild,
          amcnicky_mini_rare_corridor_liquid

Skill      XL: |  1 |
---------------+----+-----
Long Blades    | 3 |  3.3
Dodging        | 2 |  2.2
Fighting       | |  3.3
Armour         | |  1.8
Stealth        | |  0.2

Action                     || total
---------------------------++-------
  Melee: Falchion          ||    68
 Invoke: Berserk           ||     1
    Use: Scroll            ||     4
   Stab: Sleeping          ||     1
 Armour: Animal skin       ||    17
         Robe              ||     1
  Dodge: Dodged            ||    35
  Block: Buckler           ||     9

Table legend: (Time is in decaauts)
 A = Elapsed time spent in this place.
 B = Non-inter-level travel time spent in this place.
 C = Inter-level travel time spent in this place.
 D = Time resting spent in this place.
 E = Time spent auto-exploring this place.
 F = Levels seen in this place.
 G = Mean time per level.
                   A        B        C        D        E       F      G
               +--------+--------+--------+--------+--------+-----+--------+
         Total |   1331 |   1222 |    109 |    144 |    863 |   3 |  443.7 |
       Dungeon |   1331 |   1222 |    109 |    144 |    863 |   3 |  443.7 |
               +--------+--------+--------+--------+--------+-----+--------+

Top non-repeatable levels by time:
     D:1: 683 daAuts
     D:2: 609 daAuts
     D:3: 38 daAuts
